 Dungeon Crawl Stone Soup version 0.27-a0-607-g1ad3dbde53 (webtiles) character file.

Game seed: 7764048010537860237

53 Devinter the Slasher (level 3, -4/28 HPs)
             Began as a Demonspawn Gladiator on Mar 13, 2021.
             Slain by a gnoll
             ... wielding a +0 spear
              (5 damage)
             ... on level 2 of the Dungeon.
             The game lasted 00:07:32 (1072 turns).

Devinter the Slasher (Demonspawn Gladiator)         Turns: 1072, Time: 00:07:33

Health: -4/28      AC:  4    Str: 14    XL:     3   Next: 62%
Magic:  3/3        EV: 13    Int:  9    God:
Gold:   36         SH:  0    Dex: 15    Spells: 2/2 levels left

rFire    . . .     SeeInvis .   a - +0 long sword
rCold    . . .     Faith    .   (no shield)
rNeg     . . .     Spirit   .   b - +0 leather armour
rPois    .         Reflect  .   c - +0 helmet
rElec    .         Harm     .   (no cloak)
rCorr    .         Rampage  .   (no gloves)
Will     .....                  (no boots)
Stlth    +.........             (no amulet)
HPRegen  0.09/turn              (no ring)
MPRegen  0.16/turn              (no ring)

@: no status effects
A: magic regeneration, sturdy frame 1
a: no special abilities


You were on level 2 of the Dungeon.
You visited 1 branch of the dungeon, and saw 2 of its levels.

You collected 36 gold pieces.

Inventory:

Hand Weapons
 a - a +0 long sword (weapon)
Missiles
 d - 3 throwing nets
 g - 31 bolts
 j - 2 boomerangs (quivered)
Armour
 b - a +0 leather armour (worn)
 c - a +0 helmet (worn)
Scrolls
 f - a scroll of identify {unknown}
 h - a scroll of blinking {unknown}
Potions
 e - a potion of haste {unknown}
 i - 2 potions of brilliance {unknown}
 k - a potion of degeneration {unknown}
 l - a potion of attraction {unknown}
 m - a potion of resistance {unknown}


   Skills:
 + Level 2.8 Fighting
 - Level 3.0 Long Blades
 + Level 2.5 Throwing
 - Level 3.0 Dodging


You had 2 spell levels left.
You didn't know any spells.
Your spell library was empty.

Dungeon Overview and Level Annotations

Branches:
Dungeon (2/15)

Altars:
Gozag


Innate Abilities, Weirdness & Mutations

You regenerate magic rapidly.
Your movements are slightly less encumbered by armour. (ER -2)


Message History

You closely miss the kobold. The kobold barely misses you.
You riposte.
You hit the kobold.
The kobold is moderately wounded.
The gnoll hits you from afar with a +0 spear.
You hit the kobold.
The kobold is severely wounded.
The kobold closely misses you.
You riposte.
You hit the kobold.
You kill the kobold!
You see here a +0 dagger.
A bat comes into view.
You hit the bat.
You kill the bat!
The gnoll hits you but does no damage.
You see here a bat corpse.
The gnoll shouts!
The gnoll hits you from afar with a +0 halberd!
* * * LOW HITPOINT WARNING * * *
You hit the gnoll.
The gnoll is moderately wounded.
The gnoll closely misses you.
You hit the gnoll.
The gnoll is moderately wounded.
The gnoll hits you with a +0 halberd!
* * * LOW HITPOINT WARNING * * *
Sorry, you're not good enough to have a special ability.
You hit the gnoll.
The gnoll is heavily wounded.
The gnoll barely misses you. The gnoll misses you.
The gnoll closely misses you.
Sorry, you're not good enough to have a special ability.
You barely miss the gnoll.
The gnoll is heavily wounded.
The gnoll closely misses you. x2
You hit the gnoll but do no damage.
The gnoll is heavily wounded.
The gnoll misses you. The gnoll closely misses you.
You slash the gnoll!
You kill the gnoll!
The gnoll barely misses you. The gnoll hits you with a +0 spear.
You die...

#g##.#..# #
#.#..##.#
###g#.## .#
#...#.# .#
##.##g.#
#######..#..##
#.....#....##
#......
#.....#..###
#......
#....@#†##
#....(.
#.....gg#
#......
#.....###
#......
#.....#
#......
#.....#
#...g..
#.....#
#...g.<
#.....#
#....†.
#.....#
#.....g
#######
#######


You could see 2 gnolls.

Vanquished Creatures
  A gnoll (D:2)
  2 adders (D:2)
  A worm (D:2)
  A dart slug (D:2)
  A leopard gecko (D:2)
  3 giant cockroaches (D:1)
  4 goblins
  A hobgoblin (D:2)
  2 jackals (D:1)
  5 bats
  3 frilled lizards
  3 kobolds
  4 rats
31 creatures vanquished.

Vanquished Creatures (others)
  A fungus (D:1)
1 creature vanquished.

Grand Total: 32 creatures vanquished

Notes
Turn   | Place    | Note
-------+----------+-------------------------------------------
     0 | D:1      | Devinter the Demonspawn Gladiator began the quest for the
                  | Orb.
     0 | D:1      | Reached XP level 1. HP: 16/16 MP: 1/1
   147 | D:1      | Reached skill level 2 in Throwing
   147 | D:1      | Gained mutation: Your movements are slightly less
                  | encumbered by armour. (ER -2) [demonic ancestry]
   147 | D:1      | Reached XP level 2. HP: 10/22 MP: 2/2
   698 | D:2      | Reached skill level 3 in Long Blades
   713 | D:2      | Found an opulent altar of Gozag.
   715 | D:2      | Reached skill level 3 in Dodging
   914 | D:2      | Gained mutation: You regenerate magic rapidly. [demonic
                  | ancestry]
   914 | D:2      | Reached XP level 3. HP: 27/28 MP: 3/3
  1068 | D:2      | HP: 1/28 [gnoll/+0 halberd (10)]
  1072 | D:2      | Slain by a gnoll

Illustrated notes

Levels and vault maps discovered:
D:1:      dpeg_arrival_prison, layout_basic
D:2:      layout_rooms, nicolae_hepliaklqana_monster_ancestors,
          nicolae_overflow_hidden_temple, grunt_temple_overflow_open

Skill      XL: |  1  2 |
---------------+-------+-----
Throwing       | 2 |  2.5
Long Blades    | 3 |  3.0
Dodging        | 3 |  3.0
Fighting       | |  2.8

Action                   || total
-------------------------++-------
Melee: Long sword        ||    91
Throw: Boomerang         ||     2
Armor: Leather armour    ||    32
Dodge: Dodged            ||    74
       Rpst.: Long sword ||    23

Table legend: (Time is in decaauts)
 A = Elapsed time spent in this place.
 B = Non-inter-level travel time spent in this place.
 C = Inter-level travel time spent in this place.
 D = Time resting spent in this place.
 E = Time spent auto-exploring this place.
 F = Levels seen in this place.
 G = Mean time per level.
                   A        B        C        D        E       F      G
               +--------+--------+--------+--------+--------+-----+--------+
         Total |   1095 |   1033 |     62 |    341 |      0 |   2 |  547.5 |
       Dungeon |   1095 |   1033 |     62 |    341 |      0 |   2 |  547.5 |
               +--------+--------+--------+--------+--------+-----+--------+

Top non-repeatable levels by time:
     D:1: 669 daAuts
     D:2: 426 daAuts
